cohdb
Replays
Latest Replays
All Replays
Popular Replays
Top Player Replays
Match Explorer
How It Works
Community
CoH3 Stats
Reddit
Sign in to upload your games and track your stats! →
Sign in with Steam
Match 39729777
Unlisted
Match 39729777
Overview
Messages
Build Orders
End
Royal Engineer Section
Construct Section Command Post
Selects Air and Sea Battlegroup
Dingo Light Scout Car
Infantry Section
Infantry Section
Construct Platoon Command Post
Infantry Training
Selects Commando Section Paradrop
Selects Commando Support Section Paradrop
Commando Support Section Paradrop
Commando Section Paradrop
Commando Section Paradrop
Construct Company Command Post
Unlock M3 Grant Medium Tanks
Commando Support Section Paradrop
M3 Grant Medium Tank
Selects Incendiary Bombing Run
Fey Mood
Snax254
FloppyBob
A Chunky Chaffinch
DOLPHSTALLONE
insane
rmsi
Flammenwerfer
0
0
Comments
sign in to comment!
No comments posted yet!